 Dungeon Crawl Stone Soup version 0.30-a0-122-g2a1322497e (webtiles) character file.

Game seed: 17081625206352295626

36 KittyKat the Slasher (level 3, -3/28 HPs)
             Began as a Djinni Warper on Sept 15, 2022.
             Slain by a gnoll
             ... wielding a +0 flail
              (5 damage)
             ... on level 2 of the Dungeon.
             The game lasted 00:03:27 (1126 turns).

KittyKat the Slasher (Djinni Warper)                Turns: 1126, Time: 00:03:28

Health: -3/28      AC:  3    Str: 12    XL:     3   Next: 57%
Gold:   45         EV: 11    Int: 14    God:
                   SH:  0    Dex: 12

rFire   + + .      SeeInvis .    a - +0 falchion
rCold   x . .      Faith    .    (no shield)
rNeg    . . .      Spirit   .    b - +0 leather armour
rPois   ∞          Reflect  .    (no helmet)
rElec   .          Harm     .    (no cloak)
rCorr   .          Rampage  .    (no gloves)
Will    .....                    (boots unavailable)
Stlth   +.........               (no amulet)
HPRegen 0.09/turn                (no ring)
MPRegen 0.00/turn                (no ring)

@: flying
A: sickness immunity, fire resistance 2, cold vulnerability 1, float, innate
caster, HP casting, extra vitality 1
a: no special abilities


You were on level 2 of the Dungeon.
You visited 1 branch of the dungeon, and saw 2 of its levels.

You collected 45 gold pieces.

Inventory:

Hand Weapons
 a - a +0 falchion (weapon)
Missiles
 d - 7 boomerangs of dispersal (quivered)
Armour
 b - a +0 leather armour (worn)
Jewellery
 f - a ring of fire
Scrolls
 c - 2 scrolls of blinking
 e - a scroll of magic mapping {unknown}
 g - a scroll of teleportation {unknown}
 h - 3 scrolls of poison {unknown}
Potions
 i - a potion of heal wounds {unknown}
 j - a potion of haste {unknown}


   Skills:
 - Level 2.0 Fighting
 * Level 2.7 Long Blades
 - Level 0.7 Throwing
 + Level 1.6 Armour
 - Level 2.1 Dodging
 + Level 2.6 Spellcasting


You couldn't memorise any spells.
You knew the following spells:

 Your Spells              Type           Power      Damage    Failure   Level
a - Blink                 Tloc           18%        N/A       14%         2
b - Lesser Beckoning      Tloc           9%         N/A       28%         3
c - Gell's Gravitas       Tloc           9%         N/A       28%         3
d - Teleport Other        Tloc           9%         N/A       28%         3
e - Manifold Assault      Tloc           9%         N/A       67%         4
f - Shock                 Conj/Air       36%        1d5       10%         1
Your spell library was empty.

Dungeon Overview and Level Annotations

Branches:
Dungeon (2/15)

Altars:


Innate Abilities, Weirdness & Mutations

You are immune to sickness and miasma.
You are immune to poison.
Your flesh is very heat resistant. (rF++)
You are vulnerable to cold. (rC-)
You float through the air rather than walking.
You learn spells naturally, not from books.
Your magical power is your life essence.
You have superior vitality. (+4 MHP)


Message History

You kill the frilled lizard!
You hit the gnoll but do no damage.
The gnoll is heavily wounded.
The gnoll hits you with a +0 flail!
* * * LOW HITPOINT WARNING * * *
Casting: Blink (safe; 14% risk of failure)
Confirm with . or Enter, or press ? or * to list all spells.
You blink.
Found 12 gold pieces.
* * * LOW HITPOINT WARNING * * *
A goblin comes into view. It is wielding a +0 dagger.
The goblin shouts!
You feel stable enough to blink again.
You reach down and open the door.
The gnoll throws a throwing net.
The throwing net hits you.
You become entangled in the net!
There is an open door here.
You see here a throwing net.
You tear a large gash into the net.
You struggle against the net.
You rip the net and break free!
Casting: Blink (safe; 14% risk of failure)
Confirm with . or Enter, or press ? or * to list all spells.
You don't have enough health to cast this spell.
The gnoll attacks as you move away! The gnoll completely misses you.
A frilled lizard comes into view.
Found 5 javelins.
The gnoll attacks as you move away! The gnoll closely misses you.
The frilled lizard barely misses you.
You closely miss the frilled lizard. The gnoll completely misses you.
The frilled lizard closely misses you.
You hit the frilled lizard.
You kill the frilled lizard!
The gnoll hits you but does no damage. The gnoll attacks as you move away!
The gnoll hits you with a +0 flail.
* * * LOW HITPOINT WARNING * * *
Casting: Blink (safe; 14% risk of failure)
Confirm with . or Enter, or press ? or * to list all spells.
You don't have enough health to cast this spell.
The gnoll attacks as you move away! The gnoll hits you with a +0 flail.
You die...

.....###+##
.#........#
##........########
#........ggSS..S#
#........######.#
########## #S# #g#
#g# #@# #.# #(#
#.# #.# #.# #.#
..#


You could see a gnoll, a goblin and 2 ball pythons.

Vanquished Creatures
  A gnoll (D:2)
  A giant cockroach (D:1)
  6 goblins (D:1)
  A hobgoblin (D:1)
  A quokka (D:1)
  4 ball pythons (D:1)
  3 bats (D:1)
  4 frilled lizards
  2 kobolds (D:1)
  5 rats (D:1)
28 creatures vanquished.

Notes
Turn   | Place    | Note
-------+----------+-------------------------------------------
     0 | D:1      | KittyKat the Djinni Warper began the quest for the Orb.
     0 | D:1      | KittyKat set off with the following spells memorised:
                  | Blink, Lesser Beckoning, Gell's Gravitas, Teleport Other,
                  | Manifold Assault.
     0 | D:1      | Reached XP level 1. HP: 18/18 MP: 0/0
   182 | D:1      | Reached XP level 2. HP: 23/23 MP: 0/0
   648 | D:1      | Reached XP level 3. HP: 27/28 MP: 0/0
   648 | D:1      | Learned a level 1 spell: Shock
   989 | D:1      | Found a faded altar of an unknown god.
  1126 | D:2      | Slain by a gnoll

Illustrated notes

Levels and vault maps discovered:
D:1:      elethiomel_arrival_maze, layout_basic,
          hellmonk_ecumenical_altar_run_dry, st_stairs_2
D:2:      layout_basic

Skill      XL: |  1 |
---------------+----+-----
Long Blades    | 2 |  2.7
Fighting       | |  2.0
Throwing       | |  0.7
Armour         | |  1.6
Dodging        | |  2.1
Spellcasting   | |  2.6

Action                   || total
-------------------------++-------
Melee: Falchion          ||    83
 Cast: Shock             ||     4
       Blink             ||     2
Armor: Leather armour    ||    27
Dodge: Dodged            ||    65

Table legend: (Time is in decaauts)
 A = Elapsed time spent in this place.
 B = Non-inter-level travel time spent in this place.
 C = Inter-level travel time spent in this place.
 D = Time resting spent in this place.
 E = Time spent auto-exploring this place.
 F = Levels seen in this place.
 G = Mean time per level.
                   A        B        C        D        E       F      G
               +--------+--------+--------+--------+--------+-----+--------+
         Total |   1141 |   1141 |      0 |    395 |    308 |   2 |  570.5 |
       Dungeon |   1141 |   1141 |      0 |    395 |    308 |   2 |  570.5 |
               +--------+--------+--------+--------+--------+-----+--------+

Top non-repeatable levels by time:
     D:1: 1098 daAuts
     D:2: 42 daAuts
